 Dungeon Crawl Stone Soup version 0.31.0-11-ge490571c62 (webtiles) character file.

Game seed: 15572900690717608126

4936 stipulation the Scholar of Death (level 10, -2/44 HPs)
             Began as a Vine Stalker Necromancer on Jan 29, 2024.
             Was a Follower of Kikubaaqudgha.
             Slain by a white ugly thing (13 damage)
             ... on level 8 of the Dungeon.
             The game lasted 00:17:35 (8074 turns).

stipulation the Scholar of Death (VSNe)             Turns: 8074, Time: 00:17:35

Health: -2/44      AC: 11    Str: 12    XL:     10   Next: 52%
Magic:  0/25       EV: 12    Int: 19    God:    Kikubaaqudgha [*.....]
Gold:   491        SH:  0    Dex: 14    Spells: 14/29 levels left

rFire   . . .        p - +3 dagger (speed)
rCold   + . .        (no shield)
rNeg    . . .        I - +2 robe {rC+}
rPois   .            d - +1 helmet {SInv}
rElec   .            E - +0 cloak
rCorr   .            (no gloves)
SInv    +            (no boots)
Will    +....        l - amulet of faith
Stlth   ++           q - +4 ring of slaying
HPRegen 1.07/turn    w - +4 ring of protection
MPRegen 0.19/turn

%: guardian spirit, faith
@: animating dead
A: fangs 3, regeneration 1, magic shield, antimagic bite, no potion heal 2
a: Renounce Religion, Unearth Wretches


You were on level 8 of the Dungeon.
You worshipped Kikubaaqudgha.
Kikubaaqudgha was aware of your devotion.
You visited 2 branches of the dungeon, and saw 9 of its levels.

You collected 491 gold pieces.

Inventory:

Hand Weapons
 j - a +1 vampiric dagger
 p - a +3 dagger of speed (weapon)
Armour
 a - a +0 robe
 d - a +1 helmet of see invisible (worn)
 E - a +0 cloak (worn)
 I - a +2 robe of cold resistance (worn)
Jewellery
 l - an amulet of faith (around neck)
 q - a +4 ring of slaying (left hand)
 w - a +4 ring of protection (right hand)
 x - a ring of magical power
 B - a ring of wizardry
 H - an amulet of reflection
 K - a +4 ring of protection
Wands
 o - a wand of mindburst (20)
 t - a wand of acid (9)
 v - a wand of paralysis (23)
 z - a wand of flame (57)
Scrolls
 f - 5 scrolls of teleportation {unknown}
 g - 3 scrolls of fog
 i - a scroll of summoning {unknown}
 m - 9 scrolls of identify {unknown}
 n - 2 scrolls of vulnerability {unknown}
 u - 2 scrolls of amnesia {unknown}
 y - a scroll of enchant armour {unknown}
 A - 2 scrolls of noise {unknown}
 D - a scroll of fear {unknown}
 F - a scroll of enchant weapon {unknown}
Potions
 b - a potion of magic
 c - a potion of resistance
 e - 2 potions of might {unknown}
 h - a potion of curing
 k - 4 potions of brilliance
 r - a potion of lignification {unknown}
 s - 2 potions of heal wounds {unknown}
 C - 2 potions of enlightenment {unknown}
 G - a potion of degeneration {unknown}
 J - a potion of mutation {unknown}


   Skills:
 - Level 4.0 Short Blades
 - Level 1.5 Dodging
 - Level 2.4 Stealth
 + Level 10.0 Spellcasting
 + Level 10.6 Necromancy
 - Level 4.0 Evocations


You had 14 spell levels left.
You knew the following spells:

 Your Spells              Type           Power      Damage    Failure   Level
a - Necrotise             Necr           100%       1d9       1%          1
b - Vampiric Draining     Necr           49%        2d9       1%          3
c - Animate Dead          Necr           49%        N/A       1%          4
d - Curse of Agony        Necr           49%        N/A       2%          5
e - Cigotuvi's Dreadful   Necr/Alch/Air  44%        N/A       2%          2

Your spell library contained the following spells:

 Spells                   Type           Power      Damage    Failure   Level
 Magic Dart               Conj           36%        1d4       8%          1
 Lesser Beckoning         Tloc           18%        N/A       11%         2
 Scorch                   Fire           18%        2d5       11%         2
 Searing Ray              Conj           18%        2d5       11%         2
 Gell's Gravitas          Tloc           9%         N/A       22%         3
 Teleport Other           Tloc           9%         N/A       22%         3
 Flame Wave               Conj/Fire      9%         2d6       58%         4
 Fulminant Prism          Conj/Alch      4%         3d5       58%         4
 Summon Cactus Giant      Summ           4%         N/A       100%        6


Dungeon Overview and Level Annotations

Branches:
Dungeon (8/15)             Temple (1/1) D:7            Lair (0/5) D:8

Altars:
Ashenzari
Cheibriados
Dithmenos
Elyvilon
Fedhas
Gozag
Hepliaklqana
Kikubaaqudgha
Makhleb
Okawaru
Qazlal
Ru
Sif Muna
Trog
Uskayaw
Vehumet
Wu Jian
Xom
Yredelemnul
Zin
The Shining One

Shops:
D:5 (

Annotations:
D:3 1 exclusion
D:8 4 runed translucent doors


Innate Abilities, Weirdness & Mutations

You have razor-sharp teeth.
Your natural rate of healing is unusually fast.
When hurt, damage is shared between your health and your magic reserves.
Your bite disrupts and absorbs the magic of your enemies.
Potions cannot restore your health.


Message History

The white ugly thing struggles to resist.
The white ugly thing struggles to resist.
Casting: Necrotise (safe; 1% risk of failure)
Confirm with . or Enter, or press ? or * to list all spells.
Aiming: Vampiric Draining (safe; 1% risk of failure)
Press: ? - help, Shift-Dir - straight line, f/p - white ugly thing
Aim: a white ugly thing (lightly wounded)
You draw life force from the white ugly thing!
You feel life coursing into your body.
The gnoll bouda is no longer moving quickly.
The white ugly thing completely misses you.
You hit the white ugly thing but do no damage.
Your bite misses the white ugly thing.
The white ugly thing is moderately wounded.
You hit the white ugly thing. Your bite misses the white ugly thing.
The white ugly thing is moderately wounded.
The white ugly thing tail-slaps you. The white ugly thing freezes you!
You resist.
You hit the white ugly thing. Your bite misses the white ugly thing.
The white ugly thing is moderately wounded.
Your attacks no longer feel as feeble.
The white ugly thing closely misses you.
Casting: Vampiric Draining (safe; 1% risk of failure)
Confirm with . or Enter, or press ? or * to list all spells.
Aiming: Vampiric Draining (safe; 1% risk of failure)
Press: ? - help, Shift-Dir - straight line, f/p - white ugly thing
Aim: a white ugly thing (moderately wounded)
You draw life force from the white ugly thing!
You feel life coursing into your body! The white ugly thing tail-slaps you!
The white ugly thing freezes you! You resist.
You closely miss the white ugly thing.
The white ugly thing is heavily wounded.
You puncture the white ugly thing! You bite the white ugly thing.
You drain its power.
You feel invigorated.
The white ugly thing is severely wounded.
The white ugly thing tail-slaps you!
* * * LOW HITPOINT WARNING * * *
The white ugly thing freezes you! You resist.
You die...
Kikubaaqudgha rasps: "You have failed me!
Welcome... death!"

ZZ.P.P........ #.##≈≈##...##
##.##.PP..... ..######.....
#......## .#............
##........ #.#............
#..######. ###### . ...........##
#.## #.u).##....####....... #.#
#..###g#....>........#. #.#
#.##Z#u#.#.#........... #Z# ## #
#.##@#..[..##......#. #Z# .##
##Z#.#........#####.. #.## #)#
#...##........##≈##.. #..###)#
#'###.....##..##≈##..
##.....######........#...######..
####)##8()8##.......#..........#
#z#8...!8#..............#####
#o+.....u+.......#......#
#####†+....cc+.......#.###.### ##


You could see a white ugly thing and a gnoll bouda.

Vanquished Creatures
  Joseph (D:7)
  Grinder (D:5)
  Sigmund (D:3)
  2 yaks (D:8)
  2 wyverns (D:8)
  A basilisk (D:8)
  A steam dragon (D:6)
  A water moccasin (D:7)
  2 orc warriors
  A black bear (D:6)
  A sky beast (D:7)
  3 ice beasts
  An ogre (D:4)
  2 wolves (D:8)
  3 centaurs
  A phantom (D:4)
  2 bullfrogs
  A scorpion (D:8)
  Blork the orc (D:4)
  A wight (D:8)
  A killer bee (D:8)
  5 howler monkeys
  3 hounds
  2 gnoll boudas (D:8)
  3 orc priests
  A jelly (D:4)
  Crazy Yiuf (D:5)
  A sleepcap (D:6)
  3 iguanas
  8 orc wizards
  Ijyb (D:5)
  6 gnolls
  11 adders
  5 dart slugs
  A ribbon worm (D:2)
  23 orcs
  8 endoplasms
  A giant cockroach (D:4)
  12 goblins
  9 hobgoblins
  7 jackals
  5 quokkas
  10 ball pythons
  5 bats
  5 frilled lizards
  6 kobolds
  8 rats
180 creatures vanquished.

Vanquished Creatures (collateral kills)
  2 yaks (D:8)
  Grum (D:8)
  A water moccasin (D:8)
  A centaur (D:8)
  A scorpion (D:8)
  An endoplasm (D:1)
  A jackal (D:1)
  A bat (D:1)
9 creatures vanquished.

Vanquished Creatures (others)
  A wyvern zombie (D:8)
  2 yak zombies (D:8)
  An orc wizard (D:8)
  A gnoll zombie (D:8)
  3 orc zombies
8 creatures vanquished.

Grand Total: 197 creatures vanquished

Notes
Turn   | Place    | Note
-------+----------+-------------------------------------------
     0 | D:1      | stipulation the Vine Stalker Necromancer began the quest
                  | for the Orb.
     0 | D:1      | Reached XP level 1. HP: 9/9 MP: 4/4
   151 | D:1      | Reached XP level 2. HP: 13/13 MP: 3/6
   438 | D:1      | Reached XP level 3. HP: 14/16 MP: 8/8
   493 | D:1      | Found a faded altar of an unknown god.
   757 | D:1      | Reached skill level 1 in Short Blades
   952 | D:1      | Learned a level 3 spell: Vampiric Draining
   978 | D:2      | Reached XP level 4. HP: 21/21 MP: 3/9
  1676 | D:2      | Reached XP level 5. HP: 24/24 MP: 8/11
  2304 | D:3      | Reached skill level 5 in Necromancy
  2643 | D:3      | Noticed Sigmund
  2827 | D:3      | Reached XP level 6. HP: 28/28 MP: 11/13
  3302 | D:4      | Reached skill level 1 in Evocations
  3426 | D:4      | Noticed Blork the orc
  3440 | D:4      | Killed Blork the orc
  3520 | D:4      | You fall into a shaft and drop 1 floor!
  3520 | D:5      | Entered Level 5 of the Dungeon
  3554 | D:4      | Reached XP level 7. HP: 32/32 MP: 9/14
  4227 | D:5      | Noticed Ijyb
  4241 | D:5      | Killed Ijyb
  4461 | D:5      | Found Hehucamo's Weapon Shop.
  4687 | D:5      | Reached skill level 5 in Spellcasting
  4739 | D:5      | Noticed Grinder
  4838 | D:4      | Gained mutation: You have razor-sharp teeth. [Vine Stalker
                  | growth]
  4838 | D:4      | Reached XP level 8. HP: 26/36 MP: 8/16
  4942 | D:5      | Killed Grinder
  5076 | D:5      | Found a runed translucent door.
  5077 | D:5      | Noticed Crazy Yiuf
  5207 | D:5      | Killed Crazy Yiuf
  5333 | D:6      | Found a shimmering altar of Xom.
  5335 | D:6      | Found a white marble altar of Elyvilon.
  5626 | D:6      | Learned a level 4 spell: Animate Dead
  5632 | D:6      | Learned a level 5 spell: Curse of Agony
  5825 | D:6      | Reached XP level 9. HP: 39/39 MP: 17/20
  6632 | D:3      | Killed Sigmund
  7128 | D:7      | Noticed Joseph
  7143 | D:7      | Killed Joseph
  7583 | D:7      | Found a staircase to the Ecumenical Temple.
  7620 | Temple   | Entered the Ecumenical Temple
  7629 | Temple   | Became a worshipper of Kikubaaqudgha
  7715 | D:8      | Found a radiant altar of Vehumet.
  7758 | D:8      | Reached XP level 10. HP: 44/44 MP: 18/24
  7775 | D:8      | Found a staircase to the Lair.
  7782 | D:8      | Reached skill level 10 in Necromancy
  7794 | D:8      | Reached * piety under Kikubaaqudgha
  7794 | D:8      | Received a gift from Kikubaaqudgha
  7798 | D:8      | Learned a level 2 spell: Cigotuvi's Dreadful Rot
  7844 | D:8      | Found a large runed translucent door.
  7844 | D:8      | Found a large runed translucent door.
  7847 | D:8      | Noticed a centaur warrior
  7847 | D:8      | Noticed a brown ugly thing
  7930 | D:8      | Noticed Grum
  7939 | D:8      | Killed Grum
  8007 | D:8      | Found a large runed translucent door.
  8007 | D:8      | Found a large runed translucent door.
  8030 | D:8      | Reached skill level 10 in Spellcasting
  8049 | D:8      | Noticed a white ugly thing
  8074 | D:8      | Slain by a white ugly thing

Illustrated notes

Levels and vault maps discovered:
D:1:      minmay_arrival_wavy_path, layout_rooms,
          shapermc_ecumenical_altar_venn, st_stairs_6
D:2:      layout_basic, kennysheep_path_1, st_stairs_9
D:3:      kennysheep_big_flooded_room, layout_rooms, glass_columns_b,
          uniq_sigmund
D:4:      layout_loops_corners, grunt_tough_drop, uniq_blork_the_orc
D:5:      layout_cave_pools, serial_shops, shop, uniq_ijyb, uniq_grinder,
          uniq_crazy_yiuf_cottage
D:6:      layout_basic, nicolae_overflow_hidden_temple, enter_ossuary_5
D:7:      layout_rooms, minmay_temple_entry_wispy, uniq_joseph
D:8:      layout_rooms, fiery_altar_vehumet, minmay_lair_entry_grove,
          serial_aquarium, aquarium_bridge_long_joined [aquarium_subvault_wall,
          aquarium_subvault_window, aquarium_subvault_bridge,
          aquarium_subvault_bridge, aquarium_subvault_wall,
          aquarium_subvault_window], aquarium_window_corridor_3,
          aquarium_window_1, aquarium_window_2, aquarium_view_2d,
          aquarium_view_2b, aquarium_balcony_double_4, aquarium_pool_S,
          minmay_hollow_rounded_squares, uniq_grum
Temple:   nicolae_temple_two_arcs

Skill      XL: |  1  2  3  4  5  6  7  8  9 10 |
---------------+-------------------------------+-----
Spellcasting   | 3 4 5 6 9 10 | 10.0
Short Blades   | 1 2 3 4 |  4.0
Necromancy     | 5 6 7 9 10 | 10.6
Evocations     | 1 2 4 |  4.0
Dodging        | |  1.5
Stealth        | |  2.4

Action                     |  1- 3 |  4- 6 |  7- 9 | 10-12 || total
---------------------------+-------+-------+-------+-------++-------
  Melee: Dagger            |    78 |   103 |   164 |    79 ||   424
         Bite              |    17 |    28 |    61 |    37 ||   143
         Punch             |       |     4 |     5 |     1 ||    10
   Cast: Necrotise         |    38 |    92 |    78 |     4 ||   212
         Vampiric Draining |       |     1 |    32 |     7 ||    40
         Animate Dead      |       |       |     5 |     1 ||     6
  Evoke: Wand              |       |       |     2 |       ||     2
    Use: Scroll            |       |     1 |       |       ||     1
         Potion            |       |       |     3 |       ||     3
   Stab: Paralysed         |       |       |     1 |       ||     1
         Sleeping          |       |       |     1 |     1 ||     2
         Distracted        |       |       |     1 |       ||     1
 Armour: Robe              |    48 |    64 |   118 |    36 ||   266
  Dodge: Dodged            |    99 |    52 |   105 |    26 ||   282
